 Dungeon Crawl Stone Soup version 0.17.1-1-g73c8601 (webtiles) character file.

3592 PossumBlood the Bludgeoner (level 9, 0/117 HPs)
             Began as a Minotaur Fighter on Jan 7, 2016.
             Was a Priest of Trog.
             Slain by a killer bee (6 damage)
             ... on level 8 of the Dungeon.
             The game lasted 00:17:57 (6670 turns).

PossumBlood the Bludgeoner (Minotaur Fighter)       Turns: 6670, Time: 00:17:57

Health: 0/117      AC: 24    Str: 25    XL:     9   Next: 85%
Magic:  8/8        EV:  2    Int:  5    God:    Trog [***...]
Gold:   367        SH: 11    Dex:  7    Spells: 0 memorised, 8 levels left

rFire  . . .     SeeInvis .     a - +2 flail
rCold  . . .     Clarity  .     (armour currently unavailable)
rNeg   + + +     SustAt   .     j - +2 shield
rPois  +         Gourm    +     (helmet currently unavailable)
rElec  .         Spirit   .     (cloak currently unavailable)
rCorr  .         Warding  .     (gloves currently unavailable)
rMut   .         NoTele   +     (boots currently unavailable)
MR     ++...                    n - amulet of the gourmand
Stlth  +.........               (no ring)
                                y - ring of flight

@: lethally poisoned (0 -> -1), exhausted, tree-form, regenerating, slowed,
studying Throwing, very slow, very resistant to hostile enchantments, very
unstealthy
A: (retaliatory headbutt), (horns 0), blurry vision 1, clumsy 1, (cold
resistance 0)
a: Berserk, Trog's Hand, Burn Spellbooks, Renounce Religion


You were on level 8 of the Dungeon.
You worshipped Trog.
Trog was most pleased with you.
You were full.
You were a tree.
You visited 1 branch of the dungeon, and saw 8 of its levels.

You collected 367 gold pieces.

Inventory:

Hand Weapons
 a - a +2 flail (weapon)
 s - a +1 morningstar of draining
Missiles
 p - 5 tomahawks (quivered)
Armour
 b - a +0 scale mail (melded)
 i - a +1 cloak (melded)
 j - a +2 shield (worn)
 x - a +0 pair of gloves (melded)
Jewellery
 n - an amulet of the gourmand (around neck)
 y - a ring of flight (left branch)
Scrolls
 k - a scroll of immolation
 t - a scroll of identify
 v - 2 scrolls of remove curse
 w - a scroll of recharging
Potions
 c - a potion of flight
 g - a potion of mutation {unknown}
 h - 3 potions of lignification
 l - 2 potions of resistance
 m - 2 potions of haste {unknown}
 o - a potion of brilliance {unknown}
 r - a potion of poison {unknown}
 z - 2 potions of heal wounds {unknown}
 A - a potion of degeneration {unknown}
Books
 B - a manual of Throwing
Comestibles
 d - 2 meat rations
 e - 5 bread rations
 q - 2 slices of pizza
 u - 5 fruits


   Skills:
 + Level 6.7 Fighting
 + Level 15.1 Maces & Flails
 - Level 3.6 Armour
 - Level 3.6 Shields


You had 8 spell levels left.
You didn't know any spells.

Dungeon Overview and Level Annotations

Branches:
Dungeon (8/15)             Temple (0/1) D:7
   Lair: D:8-11

Altars:
Ashenzari
Cheibriados
Dithmenos
Elyvilon
Kikubaaqudgha
Makhleb
Nemelex Xobeh
Okawaru
Qazlal
Ru
Sif Muna
Trog
Zin
The Shining One


Innate Abilities, Weirdness & Mutations

((You reflexively headbutt those who attack you in melee.))
((You have a pair of horns on your head.))
Scrolls take you a little longer to read.
You are clumsy. (Dex -2)
((Your flesh is very cold resistant.))


Message History

You feel resistant to hostile enchantments.
You feel slightly less full.
You feel sick. You block the killer bee's attack.
The killer bee stings you but does no damage.
You block the killer bee's attack.
You hit the killer bee.
The killer bee is lightly wounded.
You feel sick. You block the killer bee's attack. The killer bee stings you.
* * * LOW HITPOINT WARNING * * *
The killer bee stings you.
* * * LOW HITPOINT WARNING * * *
You're too exhausted to go berserk.
Eat which item? (? for menu, Esc to quit)
Okay, then.
Drink which item? (? for menu, Esc to quit)
It was a potion of flight.
Your roots keep you in place.
The killer bee stings you.
* * * LOW HITPOINT WARNING * * *
You are more poisoned.
The killer bee poisons you! The killer bee stings you.
You die...

#########
#.......# #
#.#####.# #
#.#####.#######
###.##..........#
.......##.#####.#
### ##...####.#
##.#####....
#.........#
#..♣#.......
##...######
#.###yyy..# ##.##
#.# ##y.#y# #.#
#. ..# #.# # .##
#+# .# .# y# ..


You could see 5 killer bees.

Vanquished Creatures
  The ghost of SkunkyPete the Grappler, a novice TrMo of Okawaru (D:7)
  A centaur zombie (D:7)
  The ghost of grizfap the Covered, a novice MiFi of Yredelemnul (D:6)
  A queen bee (D:8)
  A hippogriff (D:7)
  A sky beast (D:6)
  2 ice beasts (D:6)
  An ogre (D:4)
  A phantom (D:5)
  A giant frog (D:6)
  A water moccasin zombie (D:7)
  13 killer bees
  2 crimson imps
  A gnoll shaman (D:5)
  7 orc wizards
  A giant frog zombie (D:6)
  2 orc priests (D:7)
  A giant frog skeleton (D:6)
  5 worker ants
  A worker ant zombie (D:8)
  Robin (D:2)
  6 gnolls (D:5)
  5 adders
  A shadow imp (D:7)
  5 oozes
  An adder skeleton (D:4)
  3 adder zombies
  A worm (D:2)
  7 giant geckos
  24 orcs
  9 giant cockroaches
  20 goblins
  8 hobgoblins
  7 jackals
  2 ball pythons
  7 bats
  A giant gecko skeleton (D:4)
  7 giant newts
  A jackal zombie (D:5)
  3 kobolds
  4 quokkas
  2 quokka zombies
  9 rats
179 creatures vanquished.

Notes
Turn   | Place    | Note
--------------------------------------------------------------
     0 | D:1      | PossumBlood the Minotaur Fighter began the quest for the Orb.
     0 | D:1      | Reached XP level 1. HP: 19/19 MP: 0/0
    72 | D:1      | Reached XP level 2. HP: 21/26 MP: 1/1
   298 | D:1      | Reached skill level 4 in Maces & Flails
   429 | D:1      | Reached XP level 3. HP: 31/31 MP: 2/2
   961 | D:2      | Reached skill level 5 in Maces & Flails
  1006 | D:2      | Reached XP level 4. HP: 30/39 MP: 3/3
  1015 | D:2      | Noticed Robin
  1022 | D:2      | Killed Robin
  1448 | D:2      | Reached skill level 6 in Maces & Flails
  1549 | D:3      | Found a sacrificial altar of Ru.
  1551 | D:3      | Found a white marble altar of Elyvilon.
  1554 | D:3      | Found a bloodstained altar of Trog.
  1555 | D:3      | Found a stormy altar of Qazlal.
  1556 | D:3      | Found a glowing silver altar of Zin.
  1556 | D:3      | Found a burning altar of Makhleb.
  1556 | D:3      | Found a glowing golden altar of the Shining One.
  1556 | D:3      | Found a deep blue altar of Sif Muna.
  1559 | D:3      | Became a worshipper of Trog the Wrathful
  1561 | D:3      | Found a snail-covered altar of Cheibriados.
  1562 | D:3      | Found an ancient bone altar of Kikubaaqudgha.
  1563 | D:3      | Found a shattered altar of Ashenzari.
  1564 | D:3      | Found an iron altar of Okawaru.
  1565 | D:3      | Found a shadowy altar of Dithmenos.
  1637 | D:3      | Found a sacrificial altar of Ru.
  1962 | D:3      | Reached XP level 5. HP: 45/45 MP: 4/4
  2062 | D:3      | Reached * piety under Trog
  2460 | D:4      | Noticed an ogre
  2473 | D:4      | HP: 2/45 [ogre/giant spiked club (11)]
  2478 | D:4      | Killed an ogre
  2478 | D:4      | Reached skill level 7 in Maces & Flails
  2478 | D:4      | Reached XP level 6. HP: 19/51 MP: 5/5
  2902 | D:4      | Noticed a phantom
  2902 | D:4      | Noticed an ogre
  3118 | D:4      | Found a sparkling altar of Nemelex Xobeh.
  3192 | D:5      | Entered Level 5 of the Dungeon
  3239 | D:5      | Reached skill level 8 in Maces & Flails
  3268 | D:5      | Reached skill level 9 in Maces & Flails
  3581 | D:5      | Reached XP level 7. HP: 46/57 MP: 6/6
  4318 | D:6      | Gained mutation: You are clumsy. (Dex -2) [mutagenic meat]
  4320 | D:6      | Gained mutation: Your flesh is cold resistant. [mutagenic meat]
  4321 | D:6      | Gained mutation: Scrolls take you a little longer to read. [mutagenic meat]
  4322 | D:6      | Gained mutation: Your flesh is very cold resistant. [mutagenic meat]
  4426 | D:6      | Reached skill level 10 in Maces & Flails
  4476 | D:6      | Reached ** piety under Trog
  4705 | D:6      | Found a sparkling altar of Nemelex Xobeh.
  4765 | D:6      | Reached skill level 11 in Maces & Flails
  4835 | D:6      | Noticed grizfap's ghost (novice MiFi)
  4854 | D:6      | Killed grizfap's ghost
  4854 | D:6      | Reached XP level 8. HP: 44/64 MP: 7/7
  4855 | D:6      | Reached skill level 12 in Maces & Flails
  5347 | D:7      | HP: 1/64 [orc priest/divine providence (10)]
  5353 | D:7      | Reached skill level 13 in Maces & Flails
  5745 | D:7      | Found a staircase to the Ecumenical Temple.
  5745 | D:7      | Noticed SkunkyPete's ghost (novice TrMo)
  5774 | D:7      | Killed SkunkyPete's ghost
  5774 | D:7      | Reached skill level 14 in Maces & Flails
  5774 | D:7      | Reached XP level 9. HP: 53/70 MP: 8/8
  5806 | D:7      | Noticed a centaur zombie
  5824 | D:7      | Killed a centaur zombie
  6072 | D:7      | Reached skill level 5 in Fighting
  6144 | D:7      | Reached *** piety under Trog
  6313 | D:7      | Found a snail-covered altar of Cheibriados.
  6663 | D:8      | Reached skill level 15 in Maces & Flails
  6669 | D:8      | HP: 5/117 [killer bee (1)]
  6670 | D:8      | Slain by a killer bee

Action                   |  1- 3 |  4- 6 |  7- 9 || total
-------------------------+-------+-------+-------++-------
Melee: Flail             |    94 |   140 |   276 ||   510
       Morningstar       |       |       |    20 ||    20
Invok: Berserk           |       |     1 |     4 ||     5
       Trog's Hand       |       |       |     4 ||     4
  Use: Scroll            |       |     6 |     8 ||    14
       Potion            |       |     4 |     3 ||     7
  Eat: Chunk             |       |    15 |    20 ||    35
       Bread ration      |       |     1 |       ||     1
